AoeStats
← 曼巴别肘

Arabia

507662438Analyzed
1v1 RM · 12d ago on Sep 19, 2026· 49m 12s· 2 players
Game mode
Random Map
Map size
Tiny (2 player)
Population
200
Speed
Normal
Resources
Standard
Victory
Conquest
Starting age
Dark Age
Ending age
Imperial Age
RankedLock teamsTeams togetherTeam positionsShared explorationLock speedFull tech treeHidden civsTurbo modeCheats
Victory
Defeat
🇲🇾 Koreans · Malaysia
1000
+51
🇨🇳 Hindustanis · China
1026
-17
说中文
5:14 Loom
9:49 Feudal Age
11:22 Man-at-Arms
21:15 Castle Age
20:01 Double-Bit Axe
19:59 Horse Collar
22:35 Fletching
24:30 Bow Saw
25:05 Bodkin Arrow
25:45 Scale Barding Armor
29:09 Husbandry
41:55 Imperial Age
40:53 Heavy Plow
44:07 Ballistics
44:48 Chemistry
43:21 Elite War Wagon
44:28 Conscription
44:19 Eupseong
49:29 Eupseong
49:52 Shinkichon
曼巴别肘
7:41 Loom
10:11 Feudal Age
10:52 Double-Bit Axe
15:23 Horse Collar
23:09 Castle Age
23:52 Town Watch
24:23 Stone Mining
25:37 Bow Saw
25:28 Heavy Plow
26:57 Gold Mining
27:43 Padded Archer Armor
28:25 Bloodlines
28:15 Husbandry
28:56 Gold Shaft Mining
30:08 Wheelbarrow
30:48 Elite Skirmisher
32:28 Fletching
33:23 Bodkin Arrow
33:41 Masonry
34:34 Stone Shaft Mining
35:26 Leather Archer Armor
36:30 Forging
36:29 Murder Holes
42:48 Imperial Age
40:30 Scale Barding Armor
40:44 Hand Cart
41:26 Ballistics
42:00 Chain Barding Armor
44:09 Bracer
44:32 Siege Engineers
44:25 Heavy Camel Rider
46:39 Chemistry
49:51 Ring Archer Armor
Connection lost

Rejoining the realm…

Still unreachable

The connection could not be restored.

Session expired

The server has moved on; the page needs a fresh start.